2004 views
Uploaded 2023-08-15 02:04:41
Game version 1.36 (6115)
25:12 long 3on3 ladder game on (6)StranglethornVale
Saved by GIGA
2004 views
Uploaded 2023-08-15 02:04:41
Game version 1.36 (6115)
25:12 long 3on3 ladder game on (6)StranglethornVale


92 units @ 9.2k
/ 1.4k
129 buildings @ 10k
/ 5k



| Staff of Sanctuary | 1 | 250 |
| Dust of Appearance | 1 | 75 |
| Tiny Great Hall | 1 | 600 |
| total: | 3 | 925g |
| Peasant | 17 | 1275 | / | 0 |
| Mortar Team | 1 | 180 | / | 70 |
| Flying Machine | 29 | 2900 | / | 870 |
| total: | 47 | 4355g | / | 940w |
| Scout Tower | 23 | 690 | / | 460 |
| Arcane Tower | 1 | 70 | / | 50 |
| Guard Tower | 8 | 560 | / | 400 |
| Altar of Kings | 1 | 180 | / | 50 |
| Farm | 14 | 1120 | / | 280 |
| Lumber Mill | 1 | 120 | / | 0 |
| Town Hall | 1 | 385 | / | 205 |
| Blacksmith | 2 | 280 | / | 120 |
| Workshop | 6 | 840 | / | 840 |
| Keep | 1 | 320 | / | 210 |
| Castle | 1 | 360 | / | 210 |
| total: | 48 | 3615g | / | 1955w |
| 0:02 | Peasant |
| 0:12 | Peasant |
| 0:16 | Altar of Kings |
| 0:18 | Farm |
| 0:20 | Peasant |
| 0:25 | Peasant |
| 0:34 | Lumber Mill |
| 0:35 | Peasant |
| 0:48 | Farm |
| 0:52 | Peasant |
| 1:27 | Peasant |
| 1:30 | Scout Tower |
| 1:32 | Scout Tower |
| 1:38 | Peasant |
| 1:39 | Improved Lumber Harvesting |
| 1:40 | Improved Masonry |
| 1:57 | Scout Tower |
| 1:58 | Arcane Tower |
| 2:05 | Peasant |
| 2:15 | Scout Tower |
| 2:18 | Peasant |
| 2:25 | Storm Bolt |
| 3:16 | Town Hall |
| 3:25 | Guard Tower |
| 3:29 | Peasant |
| 3:30 | Peasant |
| 3:30 | Peasant |
| 4:20 | Peasant |
| 4:23 | Keep |
| 4:56 | Guard Tower |
| 4:58 | Peasant |
| 4:58 | Peasant |
| 5:04 | Blacksmith |
| 5:06 | Blacksmith |
| 5:09 | Farm |
| 5:10 | Farm |
| 5:10 | Farm |
| 5:11 | Farm |
| 5:17 | Bash |
| 5:37 | Bash |
| 6:23 | Dust of Appearance |
| 6:55 | Black Gunpowder |
| 6:57 | Workshop |
| 6:58 | Workshop |
| 7:00 | Castle |
| 7:08 | Workshop |
| 7:15 | Workshop |
| 7:20 | Peasant |
| 7:22 | Advanced Lumber Harvesting |
| 7:22 | Advanced Masonry |
| 7:35 | Workshop |
| 8:01 | Holy Light |
| 8:05 | Workshop |
| 8:08 | Flak Cannons |
| 8:20 | Flare |
| 8:23 | Farm |
| 8:24 | Farm |
| 8:24 | Farm |
| 8:29 | Scout Tower |
| 8:29 | Scout Tower |
| 8:30 | Scout Tower |
| 8:30 | Scout Tower |
| 8:31 | Scout Tower |
| 8:31 | Scout Tower |
| 9:48 | Flying Machine Bombs |
| 9:48 | Fragmentation Shards |
| 9:48 | Mortar Team |
| 10:18 | Guard Tower |
| 10:25 | Storm Bolt |
| 10:50 | Scout Tower |
| 10:50 | Scout Tower |
| 10:51 | Scout Tower |
| 10:52 | Scout Tower |
| 10:52 | Scout Tower |
| 10:54 | Scout Tower |
| 11:52 | Brilliance Aura |
| 11:55 | Flying Machine |
| 11:55 | Flying Machine |
| 11:55 | Flying Machine |
| 11:56 | Flying Machine |
| 11:56 | Flying Machine |
| 11:56 | Flying Machine |
| 11:56 | Flying Machine |
| 11:58 | Flying Machine |
| 11:58 | Flying Machine |
| 11:59 | Flying Machine |
| 11:59 | Flying Machine |
| 11:59 | Flying Machine |
| 11:59 | Flying Machine |
| 12:10 | Guard Tower |
| 12:14 | Guard Tower |
| 12:16 | Refined Gunpowder |
| 12:17 | Iron Plating |
| 12:21 | Guard Tower |
| 12:26 | Imbued Masonry |
| 13:05 | Flying Machine |
| 13:14 | Guard Tower |
| 13:22 | Scout Tower |
| 13:23 | Scout Tower |
| 13:24 | Scout Tower |
| 13:28 | Scout Tower |
| 13:28 | Scout Tower |
| 13:29 | Scout Tower |
| 13:30 | Scout Tower |
| 13:34 | Imbued Gunpowder |
| 13:50 | Flying Machine |
| 13:50 | Flying Machine |
| 13:55 | Farm |
| 13:56 | Farm |
| 14:00 | Flying Machine |
| 14:00 | Flying Machine |
| 14:05 | Farm |
| 14:06 | Guard Tower |
| 14:08 | Farm |
| 14:11 | Farm |
| 16:04 | Steel Plating |
| 16:49 | Tiny Great Hall |
| 17:01 | Storm Bolt |
| 17:22 | Blizzard |
| 17:24 | Divine Shield |
| 18:35 | Flying Machine |
| 18:35 | Flying Machine |
| 18:36 | Flying Machine |
| 19:52 | Flying Machine |
| 19:52 | Flying Machine |
| 19:52 | Flying Machine |
| 19:52 | Flying Machine |
| 21:17 | Flying Machine |
| 21:17 | Flying Machine |
| 21:18 | Flying Machine |
| 21:19 | Flying Machine |
| 22:09 | Staff of Sanctuary |
| 23:52 | Bash |
| 23:54 | Bash |
| Right click | 1003 |
| Select group | 423 |
| Select | 289 |
| Build/train/purchase | 96 |
| Misc. action | 85 |
| Use ability | 47 |
| Resource trade | 17 |
| Assign group | 13 |
| Minimap ping | 12 |
| Esc | 11 |
| Item give/drop | 2 |
GIGA
(207)
(25:10) : 


| Boots of Speed | 1 | 250 |
| total: | 1 | 250g |
| Peasant | 14 | 1050 | / | 0 |
| Dragonhawk Rider | 5 | 1000 | / | 150 |
| Sorceress | 2 | 310 | / | 40 |
| Goblin Shredder | 1 | 375 | / | 100 |
| total: | 22 | 2735g | / | 290w |
| Scout Tower | 42 | 1260 | / | 840 |
| Arcane Tower | 9 | 630 | / | 450 |
| Guard Tower | 16 | 1120 | / | 800 |
| Altar of Kings | 1 | 180 | / | 50 |
| Farm | 10 | 800 | / | 200 |
| Lumber Mill | 2 | 240 | / | 0 |
| Arcane Vault | 1 | 130 | / | 30 |
| Barracks | 1 | 160 | / | 60 |
| Arcane Sanctum | 1 | 150 | / | 140 |
| Gryphon Aviary | 2 | 280 | / | 300 |
| Keep | 1 | 320 | / | 210 |
| Castle | 1 | 360 | / | 210 |
| total: | 60 | 3200g | / | 1620w |
| 0:02 | Peasant |
| 0:02 | Peasant |
| 0:06 | Altar of Kings |
| 0:10 | Farm |
| 0:12 | Farm |
| 0:21 | Peasant |
| 0:44 | Peasant |
| 0:55 | Lumber Mill |
| 0:56 | Peasant |
| 1:02 | Peasant |
| 1:06 | Peasant |
| 1:23 | Peasant |
| 1:30 | Scout Tower |
| 1:34 | Peasant |
| 1:46 | Improved Lumber Harvesting |
| 1:57 | Arcane Tower |
| 2:01 | Peasant |
| 2:06 | Farm |
| 2:23 | Peasant |
| 2:23 | Peasant |
| 2:26 | Peasant |
| 2:27 | Peasant |
| 2:42 | Storm Bolt |
| 3:05 | Improved Masonry |
| 3:10 | Scout Tower |
| 3:10 | Scout Tower |
| 3:11 | Scout Tower |
| 3:11 | Scout Tower |
| 3:12 | Scout Tower |
| 3:13 | Scout Tower |
| 3:13 | Scout Tower |
| 3:14 | Scout Tower |
| 3:15 | Scout Tower |
| 3:16 | Scout Tower |
| 3:17 | Scout Tower |
| 3:18 | Scout Tower |
| 3:19 | Scout Tower |
| 3:19 | Scout Tower |
| 3:54 | Scout Tower |
| 4:22 | Guard Tower |
| 4:24 | Scout Tower |
| 4:24 | Scout Tower |
| 4:25 | Scout Tower |
| 4:54 | Guard Tower |
| 4:57 | Scout Tower |
| 5:18 | Keep |
| 5:28 | Goblin Shredder |
| 5:34 | Lumber Mill |
| 5:37 | Scout Tower |
| 5:39 | Scout Tower |
| 5:40 | Scout Tower |
| 5:40 | Scout Tower |
| 5:41 | Scout Tower |
| 5:44 | Arcane Tower |
| 5:45 | Arcane Tower |
| 5:46 | Guard Tower |
| 5:48 | Guard Tower |
| 6:23 | Boots of Speed |
| 6:32 | Arcane Tower |
| 6:33 | Arcane Tower |
| 6:35 | Arcane Tower |
| 6:56 | Scout Tower |
| 6:57 | Scout Tower |
| 6:57 | Scout Tower |
| 7:01 | Scout Tower |
| 7:07 | Arcane Tower |
| 7:09 | Scout Tower |
| 7:24 | Guard Tower |
| 7:27 | Guard Tower |
| 7:28 | Guard Tower |
| 7:30 | Scout Tower |
| 7:34 | Scout Tower |
| 7:36 | Scout Tower |
| 7:45 | Scout Tower |
| 7:47 | Advanced Masonry |
| 7:51 | Farm |
| 7:54 | Castle |
| 7:59 | Guard Tower |
| 8:06 | Guard Tower |
| 8:08 | Guard Tower |
| 8:13 | Guard Tower |
| 8:22 | Scout Tower |
| 8:55 | Scout Tower |
| 8:56 | Scout Tower |
| 8:58 | Arcane Tower |
| 9:05 | Arcane Sanctum |
| 9:37 | Critical Strike |
| 9:42 | Guard Tower |
| 9:44 | Guard Tower |
| 10:16 | Guard Tower |
| 10:18 | Imbued Masonry |
| 10:27 | Magic Sentry |
| 10:29 | Gryphon Aviary |
| 10:38 | Holy Light |
| 10:51 | Farm |
| 11:08 | Scout Tower |
| 11:48 | Guard Tower |
| 12:07 | Siphon Mana |
| 12:27 | Scout Tower |
| 12:27 | Scout Tower |
| 13:00 | Arcane Tower |
| 13:03 | Scout Tower |
| 13:04 | Scout Tower |
| 14:04 | Guard Tower |
| 14:57 | Gryphon Aviary |
| 15:12 | Arcane Vault |
| 18:17 | Divine Shield |
| 18:19 | Flame Strike |
| 19:25 | Cloud |
| 19:25 | Dragonhawk Rider |
| 19:26 | Dragonhawk Rider |
| 19:30 | Farm |
| 19:33 | Farm |
| 19:37 | Farm |
| 20:07 | Sorceress Adept Training |
| 20:08 | Sorceress |
| 20:37 | Dragonhawk Rider |
| 20:40 | Farm |
| 20:41 | Farm |
| 21:22 | Dragonhawk Rider |
| 21:28 | Barracks |
| 22:14 | Sorceress |
| 22:35 | Dragonhawk Rider |
| 24:59 | Siphon Mana |
| 25:05 | Holy Light |
| Right click | 931 |
| Select group | 593 |
| Select | 439 |
| Build/train/purchase | 79 |
| Use ability | 46 |
| Resource trade | 39 |
| Minimap ping | 30 |
| Assign group | 22 |
| Misc. action | 16 |
| Esc | 8 |
Cabeelibob
(194)
(24:40) : 
| Healing Salve | 1 | 100 |
| Lesser Clarity Potion | 4 | 280 |
| Orb of Lightning | 1 | 375 |
| Boots of Speed | 1 | 250 |
| Staff of Teleportation | 1 | 150 |
| total: | 8 | 1155g |
| Peon | 18 | 1350 | / | 0 |
| Troll Witch Doctor | 5 | 725 | / | 125 |
| total: | 23 | 2075g | / | 125w |
| Watch Tower | 9 | 990 | / | 720 |
| Altar of Storms | 2 | 360 | / | 100 |
| Orc Burrow | 6 | 960 | / | 240 |
| War Mill | 1 | 205 | / | 0 |
| Voodoo Lounge | 1 | 130 | / | 30 |
| Great Hall | 1 | 385 | / | 185 |
| Spirit Lodge | 1 | 150 | / | 150 |
| Stronghold | 1 | 315 | / | 190 |
| Fortress | 1 | 325 | / | 190 |
| total: | 21 | 3180g | / | 1425w |
| 0:03 | Altar of Storms |
| 0:07 | Orc Burrow |
| 0:08 | Peon |
| 0:16 | Peon |
| 0:37 | Peon |
| 0:56 | Peon |
| 0:59 | War Mill |
| 1:15 | Peon |
| 1:26 | Peon |
| 1:34 | Peon |
| 1:55 | Peon |
| 2:07 | Wind Walk |
| 2:12 | Peon |
| 3:42 | Peon |
| 3:42 | Peon |
| 3:56 | Watch Tower |
| 4:03 | Orc Burrow |
| 4:08 | Watch Tower |
| 4:48 | Orc Burrow |
| 4:50 | Watch Tower |
| 4:53 | Peon |
| 4:53 | Peon |
| 4:53 | Peon |
| 4:53 | Peon |
| 5:39 | Voodoo Lounge |
| 5:43 | Orc Burrow |
| 5:48 | Watch Tower |
| 6:49 | Healing Salve |
| 6:56 | Great Hall |
| 7:04 | Watch Tower |
| 7:35 | Orc Burrow |
| 8:07 | Watch Tower |
| 8:59 | Spiked Barricades |
| 9:13 | Watch Tower |
| 9:58 | Stronghold |
| 10:01 | Watch Tower |
| 10:16 | Lesser Clarity Potion |
| 11:56 | Watch Tower |
| 13:07 | Fortress |
| 13:23 | Altar of Storms |
| 14:29 | Orc Burrow |
| 14:56 | Spirit Lodge |
| 15:45 | Lesser Clarity Potion |
| 15:45 | Orb of Lightning |
| 15:48 | Lesser Clarity Potion |
| 16:16 | Boots of Speed |
| 17:11 | Critical Strike |
| 19:02 | Peon |
| 19:02 | Peon |
| 19:02 | Peon |
| 19:12 | Witch Doctor Adept Training |
| 19:13 | Troll Witch Doctor |
| 20:27 | Staff of Teleportation |
| 21:08 | Witch Doctor Master Training |
| 21:08 | Troll Witch Doctor |
| 21:08 | Troll Witch Doctor |
| 21:08 | Troll Witch Doctor |
| 21:08 | Troll Witch Doctor |
| 21:51 | Lesser Clarity Potion |
| 23:48 | Wind Walk |
| Right click | 941 |
| Select | 183 |
| Select group | 92 |
| Build/train/purchase | 72 |
| Misc. action | 63 |
| Resource trade | 31 |
| Use ability | 21 |
| Assign group | 10 |
| Minimap ping | 5 |
| Item give/drop | 1 |
| Remove unit | 1 |
| Esc | 1 |
124 units @ 16.2k
/ 2.4k
83 buildings @ 13.4k
/ 6.6k


| Circlet of Nobility | 1 | 175 |
| Potion of Lesser Invulnerability | 1 | 150 |
| total: | 2 | 325g |
| Wisp | 21 | 1260 | / | 0 |
| Archer | 9 | 1170 | / | 90 |
| Druid of the Talon | 5 | 725 | / | 100 |
| Glaive Thrower | 9 | 1890 | / | 585 |
| Hippogryph | 3 | 480 | / | 60 |
| total: | 47 | 5525g | / | 835w |
| Ancient Protector | 3 | 405 | / | 240 |
| Moon Well | 6 | 1080 | / | 240 |
| Altar of Elders | 1 | 180 | / | 50 |
| Ancient of War | 3 | 450 | / | 180 |
| Hunter's Hall | 1 | 210 | / | 100 |
| Ancient of Wonders | 1 | 90 | / | 30 |
| Tree of Life | 2 | 680 | / | 370 |
| Ancient of Wind | 3 | 450 | / | 420 |
| Tree of Ages | 1 | 320 | / | 180 |
| Tree of Eternity | 1 | 330 | / | 200 |
| total: | 20 | 3545g | / | 1630w |
| 0:02 | Wisp |
| 0:03 | Wisp |
| 0:03 | Wisp |
| 0:03 | Wisp |
| 0:03 | Wisp |
| 0:19 | Moon Well |
| 0:20 | Wisp |
| 0:27 | Altar of Elders |
| 0:36 | Wisp |
| 0:54 | Wisp |
| 1:12 | Moon Well |
| 1:14 | Wisp |
| 1:27 | Ancient of War |
| 1:32 | Wisp |
| 2:09 | Hunter's Hall |
| 2:16 | Moon Well |
| 2:21 | Wisp |
| 2:31 | Archer |
| 2:34 | Mana Burn |
| 2:47 | Archer |
| 3:08 | Archer |
| 3:33 | Archer |
| 3:52 | Circlet of Nobility |
| 3:59 | Ancient Protector |
| 4:02 | Archer |
| 4:11 | Archer |
| 4:18 | Ancient Protector |
| 4:37 | Evasion |
| 4:49 | Archer |
| 4:52 | Tree of Ages |
| 5:41 | Strength of the Moon |
| 5:53 | Evasion |
| 6:59 | Archer |
| 7:16 | Frost Arrows |
| 7:38 | Ancient of Wind |
| 7:39 | Ancient of Wind |
| 7:41 | Tree of Eternity |
| 7:45 | Moon Well |
| 7:48 | Strength of the Wild |
| 8:29 | Ancient of Wind |
| 8:40 | Ancient of Wonders |
| 8:52 | Improved Strength of the Wild |
| 9:01 | Improved Bows |
| 9:03 | Potion of Lesser Invulnerability |
| 9:12 | Druid of the Talon Adept Training |
| 9:13 | Druid of the Talon |
| 9:45 | Forked Lightning |
| 10:01 | Druid of the Talon |
| 10:07 | Marksmanship |
| 10:13 | Moon Well |
| 10:15 | Reinforced Hides |
| 10:19 | Druid of the Talon Master Training |
| 10:36 | Mana Burn |
| 10:56 | Druid of the Talon |
| 11:11 | Druid of the Talon |
| 11:59 | Mark of the Talon |
| 12:00 | Druid of the Talon |
| 12:01 | Archer |
| 12:05 | Improved Reinforced Hides |
| 12:33 | Wisp |
| 12:33 | Wisp |
| 13:30 | Vorpal Blades |
| 13:31 | Glaive Thrower |
| 13:31 | Glaive Thrower |
| 13:49 | Tree of Life |
| 14:17 | Moon Well |
| 15:01 | Glaive Thrower |
| 16:41 | Ancient Protector |
| 16:57 | Hippogryph |
| 16:58 | Hippogryph |
| 17:23 | Ancient of War |
| 17:28 | Ancient of War |
| 17:47 | Hippogryph |
| 17:58 | Nature's Blessing |
| 19:51 | Tree of Life |
| 20:30 | Wisp |
| 20:30 | Wisp |
| 20:30 | Wisp |
| 20:45 | Glaive Thrower |
| 20:49 | Wisp |
| 20:50 | Wisp |
| 20:50 | Wisp |
| 20:50 | Wisp |
| 21:15 | Glaive Thrower |
| 21:54 | Glaive Thrower |
| 22:06 | Glaive Thrower |
| 22:13 | Wisp |
| 22:36 | Glaive Thrower |
| 22:52 | Glaive Thrower |
| Select group | 483 |
| Right click | 334 |
| Select | 256 |
| Build/train/purchase | 85 |
| Misc. action | 75 |
| Assign group | 33 |
| Use ability | 30 |
| Chat | 16 |
| Minimap ping | 15 |
| Remove unit | 9 |
| Esc | 4 |
| Resource trade | 4 |
| Item give/drop | 3 |



| Healing Salve | 4 | 400 |
| Lesser Clarity Potion | 4 | 280 |
| Scroll of Speed | 1 | 50 |
| Orb of Lightning | 1 | 375 |
| Scroll of Town Portal | 2 | 700 |
| Dust of Appearance | 2 | 150 |
| Potion of Lesser Invulnerability | 2 | 300 |
| total: | 16 | 2255g |
| Peon | 10 | 750 | / | 0 |
| Raider | 3 | 540 | / | 120 |
| Wind Rider | 3 | 795 | / | 120 |
| Troll Batrider | 8 | 1280 | / | 320 |
| Goblin Shredder | 1 | 375 | / | 100 |
| total: | 25 | 3740g | / | 660w |
| Watch Tower | 26 | 2860 | / | 2080 |
| Altar of Storms | 4 | 720 | / | 200 |
| Orc Burrow | 6 | 960 | / | 240 |
| Voodoo Lounge | 2 | 260 | / | 60 |
| War Mill | 1 | 205 | / | 0 |
| Great Hall | 3 | 1155 | / | 555 |
| Barracks | 2 | 360 | / | 100 |
| Beastiary | 3 | 435 | / | 420 |
| Spirit Lodge | 2 | 300 | / | 300 |
| Stronghold | 1 | 315 | / | 190 |
| Fortress | 1 | 325 | / | 190 |
| total: | 49 | 7255g | / | 3955w |
| 0:01 | Peon |
| 0:03 | Altar of Storms |
| 0:04 | Altar of Storms |
| 0:04 | Altar of Storms |
| 0:06 | Altar of Storms |
| 0:08 | Peon |
| 0:15 | Orc Burrow |
| 0:18 | Peon |
| 0:38 | Peon |
| 0:49 | Voodoo Lounge |
| 0:54 | Peon |
| 1:05 | Peon |
| 1:15 | War Mill |
| 1:22 | Peon |
| 1:22 | Peon |
| 1:32 | Peon |
| 1:47 | Peon |
| 2:03 | Feral Spirit |
| 2:05 | Healing Salve |
| 2:05 | Lesser Clarity Potion |
| 2:05 | Scroll of Speed |
| 2:06 | Healing Salve |
| 2:23 | Stronghold |
| 2:45 | Orc Burrow |
| 3:26 | Orc Burrow |
| 4:48 | Beastiary |
| 4:49 | Beastiary |
| 4:54 | Beastiary |
| 5:00 | Reinforced Defenses |
| 5:03 | Watch Tower |
| 5:04 | Watch Tower |
| 5:12 | Watch Tower |
| 5:13 | Watch Tower |
| 5:28 | Lesser Clarity Potion |
| 5:57 | Ensnare |
| 5:58 | Raider |
| 6:18 | Hex |
| 6:27 | Raider |
| 6:27 | Raider |
| 7:03 | Orc Burrow |
| 7:28 | Fortress |
| 8:00 | Great Hall |
| 8:12 | Spiked Barricades |
| 8:15 | Chain Lighting |
| 9:44 | Wind Rider |
| 9:51 | Steel Ranged Weapons |
| 9:59 | Healing Salve |
| 9:59 | Healing Salve |
| 10:00 | Lesser Clarity Potion |
| 10:46 | Wind Rider |
| 10:47 | Wind Rider |
| 10:51 | Lesser Clarity Potion |
| 11:17 | Watch Tower |
| 11:18 | Watch Tower |
| 11:48 | Watch Tower |
| 11:48 | Watch Tower |
| 11:49 | Watch Tower |
| 11:50 | Watch Tower |
| 11:51 | Watch Tower |
| 12:13 | Thorium Ranged Weapons |
| 12:25 | Scroll of Town Portal |
| 12:26 | Dust of Appearance |
| 12:33 | Potion of Lesser Invulnerability |
| 12:33 | Potion of Lesser Invulnerability |
| 12:56 | Healing Wave |
| 13:06 | Steel Armor |
| 13:23 | Spirit Lodge |
| 13:24 | Spirit Lodge |
| 14:07 | Goblin Shredder |
| 14:47 | Barracks |
| 15:33 | Barracks |
| 15:36 | Arcanite Ranged Weapons |
| 15:54 | Witch Doctor Adept Training |
| 16:18 | Troll Batrider |
| 16:18 | Troll Batrider |
| 16:40 | Watch Tower |
| 16:42 | Watch Tower |
| 16:44 | Watch Tower |
| 16:50 | Breath of Fire |
| 17:06 | Troll Batrider |
| 17:06 | Troll Batrider |
| 17:46 | Troll Batrider |
| 17:59 | Watch Tower |
| 17:59 | Watch Tower |
| 18:09 | Troll Batrider |
| 18:27 | Chain Lighting |
| 18:35 | Scroll of Town Portal |
| 18:35 | Dust of Appearance |
| 18:44 | Thorium Armor |
| 19:22 | Watch Tower |
| 19:23 | Watch Tower |
| 19:24 | Watch Tower |
| 19:32 | Watch Tower |
| 19:34 | Watch Tower |
| 19:39 | Watch Tower |
| 20:17 | Watch Tower |
| 20:17 | Watch Tower |
| 20:21 | Watch Tower |
| 20:22 | Watch Tower |
| 20:35 | Great Hall |
| 21:10 | Voodoo Lounge |
| 21:31 | Great Hall |
| 22:49 | Orb of Lightning |
| 23:27 | Troll Batrider |
| 23:28 | Troll Batrider |
| 23:50 | Burning Oil |
| 24:20 | Orc Burrow |
| 24:24 | Orc Burrow |
| Select group | 1893 |
| Right click | 1192 |
| Select | 655 |
| Misc. action | 337 |
| Build/train/purchase | 112 |
| Use ability | 99 |
| Assign group | 63 |
| Minimap ping | 8 |
| Esc | 7 |
| Item give/drop | 2 |


| Wisp | 15 | 900 | / | 0 |
| Archer | 4 | 520 | / | 40 |
| Hippogryph | 29 | 4640 | / | 580 |
| Glaive Thrower | 4 | 840 | / | 260 |
| total: | 52 | 6900g | / | 880w |
| Moon Well | 8 | 1440 | / | 320 |
| Altar of Elders | 1 | 180 | / | 50 |
| Ancient of War | 1 | 150 | / | 60 |
| Hunter's Hall | 1 | 210 | / | 100 |
| Tree of Life | 1 | 340 | / | 185 |
| Ancient of Wind | 2 | 300 | / | 280 |
| Tree of Ages | 1 | 320 | / | 180 |
| Tree of Eternity | 1 | 330 | / | 200 |
| total: | 14 | 2620g | / | 995w |
| 0:11 | Moon Well |
| 0:16 | Altar of Elders |
| 0:23 | Ancient of War |
| 0:25 | Wisp |
| 0:40 | Wisp |
| 0:51 | Wisp |
| 1:00 | Wisp |
| 1:11 | Wisp |
| 1:14 | Wisp |
| 1:26 | Archer |
| 1:49 | Wisp |
| 1:49 | Wisp |
| 2:00 | Moon Well |
| 2:23 | Moon Well |
| 2:31 | Immolation |
| 2:48 | Wisp |
| 3:04 | Tree of Ages |
| 3:07 | Archer |
| 3:25 | Moon Well |
| 4:38 | Hunter's Hall |
| 4:41 | Archer |
| 4:43 | Archer |
| 5:16 | Mana Burn |
| 5:36 | Tree of Life |
| 5:49 | Ancient of Wind |
| 7:04 | Entangling Roots |
| 7:09 | Hippogryph |
| 7:09 | Hippogryph |
| 7:09 | Hippogryph |
| 7:15 | Ancient of Wind |
| 7:33 | Strength of the Wild |
| 7:41 | Wisp |
| 7:41 | Wisp |
| 7:42 | Wisp |
| 7:42 | Wisp |
| 7:42 | Wisp |
| 7:42 | Wisp |
| 8:19 | Moon Well |
| 8:26 | Moon Well |
| 8:34 | Hippogryph |
| 8:39 | Hippogryph |
| 9:03 | Hippogryph |
| 9:28 | Moon Well |
| 9:34 | Moon Well |
| 9:46 | Hippogryph |
| 9:51 | Hippogryph |
| 10:16 | Glaive Thrower |
| 10:19 | Glaive Thrower |
| 10:20 | Glaive Thrower |
| 10:49 | Hippogryph |
| 11:27 | Glaive Thrower |
| 11:55 | Hippogryph |
| 11:57 | Hippogryph |
| 12:04 | Improved Strength of the Wild |
| 12:48 | Hippogryph |
| 12:49 | Hippogryph |
| 16:11 | Tree of Eternity |
| 16:19 | Hippogryph |
| 16:19 | Hippogryph |
| 16:20 | Hippogryph |
| 16:20 | Hippogryph |
| 16:26 | Reinforced Hides |
| 18:18 | Improved Reinforced Hides |
| 18:37 | Hippogryph |
| 18:39 | Advanced Strength of the Wild |
| 19:36 | Hippogryph |
| 19:37 | Hippogryph |
| 19:40 | Advanced Reinforced Hides |
| 20:21 | Hippogryph |
| 20:21 | Hippogryph |
| 21:34 | Hippogryph |
| 21:35 | Hippogryph |
| 21:35 | Hippogryph |
| 21:35 | Hippogryph |
| 22:10 | Hippogryph |
| 22:11 | Hippogryph |
| 22:11 | Hippogryph |
| 22:28 | Ultravision |
| Right click | 204 |
| Select | 151 |
| Select group | 133 |
| Build/train/purchase | 74 |
| Assign group | 19 |
| Use ability | 7 |
| Resource trade | 4 |
| Remove unit | 1 |
⇛